 Dungeon Crawl Stone Soup version 0.22.0-25-g7663229ff0 (webtiles) character file.

113087 Kirk the Severer (level 16, -3/146 HPs)
             Began as a Demonspawn Gladiator on Aug 20, 2018.
             Slain by a merfolk
             ... wielding a +0 trident
              (6 damage)
             ... on level 1 of the Shoals.
             The game lasted 01:10:40 (35927 turns).

Kirk the Severer (Demonspawn Gladiator)            Turns: 35927, Time: 01:10:40

Health: -3/146     AC:  8    Str: 15    XL:     16   Next: 13%
Magic:  18/18      EV: 10    Int:  9    God:
Gold:   2068       SH:  0    Dex: 22    Spells: 15/15 levels left

rFire    + + .     SeeInvis .   a - +1 war axe
rCold    + + +     Gourm    .   l - +0 buckler
rNeg     . . .     Faith    .   B - +3 leather armour {rC+}
rPois    +         Spirit   .   (helmet restricted)
rElec    .         Reflect  +   b - scarf {rC+ rF+}
rCorr    .         Harm     .   S - +0 pair of gloves
MR       +....                  (boots unavailable)
Stlth    ++........             V - +4 amulet of reflection
HPRegen  0.34/turn              o - ring of protection from cold
MPRegen  0.16/turn              O - ring of poison resistance

@: flying, held
A: claws 2, horns 2, talons 3, demonic guardian 2, fire resistance 1, robust 1,
spiny 2
a: no special abilities


You were on level 1 of the Shoals.
You were not hungry.

You visited 5 branches of the dungeon, and saw 25 of its levels.
You also visited: Labyrinth.

You collected 2686 gold pieces.
You spent 618 gold pieces at shops.

Inventory:

Hand Weapons
 a - a +1 war axe (weapon)
 v - a +3 blowgun
 y - a +0 hand axe of flaming
 J - a +2 battleaxe of freezing
Missiles
 d - 9 throwing nets (quivered)
 r - 7 needles of confusion
 F - 11 curare-tipped needles
Armour
 b - a scarf of resistance (worn)
 l - a +0 buckler (worn)
 B - a +3 leather armour of cold resistance (worn)
 S - a +0 pair of gloves (worn)
Jewellery
 o - a ring of protection from cold (left hand)
 G - an uncursed amulet of regeneration
 L - the ring "Adghene" {rN+ Dex+3}
   (You found it on level 1 of the Lair of Beasts)

   [ring of positive energy]

   It affects your dexterity (+3).
   It protects you from negative energy.
 O - a ring of poison resistance (right hand)
 P - the ring of Bott {*Tele rPois rC+}
   (You took it off a kobold on level 15 of the Dungeon)

   [ring of teleportation]

   It may teleport you next to monsters.
   It protects you from cold.
   It protects you from poison.
 T - the ring of Xom's Absentmindedness {rF++ Int-4 Stlth+}
   (You found it on level 15 of the Dungeon)

   [ring of stealth]

   It affects your intelligence (-4).
   It greatly protects you from fire.
   It makes you more stealthy.
 V - a +4 amulet of reflection (around neck)
Wands
 c - a wand of flame (69)
 m - a wand of paralysis (21)
 p - a wand of digging (8)
 w - a wand of acid (2)
 M - a wand of polymorph (19)
 N - a wand of disintegration (5)
 U - a wand of iceblast (9)
Scrolls
 i - 12 scrolls of remove curse
 k - 4 scrolls of magic mapping
 t - a scroll of teleportation
 u - 4 scrolls of fear
 z - 4 scrolls of enchant armour
 A - 4 scrolls of blinking
 C - a scroll of amnesia
 D - 11 scrolls of identify
 H - 3 scrolls of fog
 R - a scroll of enchant weapon
Potions
 e - 3 potions of haste
 g - 6 potions of resistance
 h - a potion of agility
 j - 2 potions of invisibility
 n - 2 potions of might
 q - 3 potions of mutation
 x - 3 potions of flight
 E - a potion of berserk rage
 I - a potion of cancellation
 K - 2 potions of brilliance
 Q - 2 potions of magic
 X - 3 potions of curing
Miscellaneous
 s - a fan of gales
Comestibles
 f - 27 rations


   Skills:
 + Level 14.0 Fighting
 - Level 19.0 Axes
 - Level 1.7 Throwing
 + Level 6.9 Armour
 + Level 9.6 Dodging
 - Level 4.0 Shields
 * Level 3.7 Evocations


You had 15 spell levels left.
You didn't know any spells.
Your spell library contained the following spells:

 Spells                   Type           Power        Failure   Level  Hunger
 Animate Skeleton         Necr           N/A          43%         1    ##.....
 Apportation              Tloc           #.....       43%         1    ##.....
 Beastly Appendage        Tmut           #.....       43%         1    ##.....
 Confusing Touch          Hex            #.....       43%         1    ##.....
 Flame Tongue             Conj/Fire      #....        43%         1    ##.....
 Pain                     Necr           #...         43%         1    ##.....
 Sting                    Conj/Pois      #...         43%         1    ##.....
 Summon Butterflies       Summ           #.......     43%         1    ##.....
 Summon Small Mammal      Summ           #...         43%         1    ##.....
 Call Imp                 Summ           #.......     58%         2    ###....
 Poisonous Vapours        Pois/Air       #.....       58%         2    ###....
 Sticks to Snakes         Tmut           #.......     58%         2    ###....
 Throw Flame              Conj/Fire      #.....       58%         2    ###....
 Call Canine Familiar     Summ           #.......     82%         3    ####...
 Conjure Flame            Conj/Fire      #.......     82%         3    ####...
 Inner Flame              Hex/Fire       #.......     82%         3    ####...
 Mephitic Cloud           Conj/Pois/Air  #.......     82%         3    ####...
 Regeneration             Chrm/Necr      #.........   82%         3    ####...
 Spider Form              Tmut/Pois      #.........   82%         3    ####...
 Summon Guardian Golem    Hex/Summ       #.......     82%         3    ####...
 Vampiric Draining        Necr           #.........   82%         3    ####...
 Animate Dead             Necr           N/A          99%         4    #####..
 Ice Form                 Ice/Tmut       #.......     99%         4    #####..
 Olgreb's Toxic Radiance  Pois           #.......     99%         4    #####..
 Sticky Flame             Conj/Fire      #.......     99%         4    #####..
 Summon Ice Beast         Ice/Summ       #.......     99%         4    #####..
 Summon Lightning Spire   Summ/Air       #.......     99%         4    #####..
 Blade Hands              Tmut           #.........   100%        5    ######.
 Fireball                 Conj/Fire      #.........   100%        5    ######.
 Summon Mana Viper        Hex/Summ       #.......     100%        5    ######.
 Venom Bolt               Conj/Pois      #.........   100%        5    ######.
 Summon Hydra             Summ           #.........   100%        7    #######


Dungeon Overview and Level Annotations

Branches:
Dungeon (15/15)            Temple (0/1) D:5            Lair (6/6) D:11
 Shoals (1/4) Lair:4        Snake (0/4) Lair:3        Slime (1/5) Lair:6
    Orc (2/2) D:11            Elf (0/3) Orc:2        Vaults (0/5) D:13
 Depths (0/5) D:15

Altars:
Kikubaaqudgha
Makhleb
Nemelex Xobeh
Ru
Trog
Vehumet
Wu Jian
Yredelemnul
The Shining One
Beogh

Shops:
D:5 %   D:15 =!   Orc:1 (   Orc:2 **::

Annotations:
Lair:2 exclusion: oklob plant
Lair:3 3 runed doors, Pieper's ghost, journeyman GrFi


Innate Abilities, Weirdness & Mutations

You have very sharp fingernails.
You have a pair of horns on your head.
You have claws for feet.
A demonic guardian rushes to your aid.
You are mostly covered in sharp spines.
Your flesh is heat resistant. (rF+)
You are robust. (+10% HP)


Message History

* * * LOW HITPOINT WARNING * * *
The merfolk hits you from afar with a trident!
* * * LOW HITPOINT WARNING * * *
Unknown command.
As you read the scroll of fear, it crumbles to dust.
You assume a fearsome visage.
The merfolk resists with almost no effort.
The merfolk aquamancer resists with almost no effort.
Your soul eater is unaffected.
The merfolk aquamancer gestures at you while chanting.
The shard of ice hits you! You partially resist.
* * * LOW HITPOINT WARNING * * *
The merfolk hits you but does no damage.
Your soul eater hits the merfolk!
You feel much better.
The merfolk aquamancer points at you and mumbles some strange words.
The shard of ice hits you! You partially resist.
* * * LOW HITPOINT WARNING * * *
The merfolk hits you from afar with a trident.
You die...

≈≈≈...≈≈≈≈≈≈≈≈≈
≈≈≈...≈≈≈≈≈≈≈≈≈≈≈.
≈≈≈(≈≈≈≈≈≈≈≈≈≈≈≈≈≈
≈≈(≈≈≈≈≈≈≈≈≈≈≈≈≈≈≈
≈≈((.≈≈≈≈≈≈≈≈≈≈≈≈≈
.≈..(≈≈≈≈≈≈≈≈..≈≈≈
≈≈...≈≈≈≈≈≈≈≈≈≈≈≈≈
≈...≈≈≈((≈3..≈≈≈≈≈
≈≈≈m.≈..m@)m..≈≈≈≈
≈≈.....######..≈.:
....≈.. ≈..
...≈≈≈. . ..≈≈≈≈.
.≈≈≈≈.. .≈≈≈≈..


You could see a merfolk aquamancer, 2 merfolk and a friendly soul eater.

Vanquished Creatures
  An orc warlord (Orc:2)
  Nessos (D:14)
  A minotaur (Lab)
  An ettin (D:15)
  A merfolk javelineer (Shoals:1)
  A fire dragon (D:15)
  A yaktaur captain (D:15)
  3 hydras
  A great orb of eyes (D:15)
  A death knight (D:12)
  3 vault guards (D:15)
  13 two-headed ogres
  3 tengu warriors
  2 death yaks
  5 ogre magi
  5 skeletal warriors (D:15)
  An unseen horror (D:10)
  A wolf spider zombie (D:15)
  2 phantasmal warriors (D:13)
  A harpy (D:15)
  A necromancer (D:15)
  A wolf spider (D:15)
  8 ugly things (D:14)
  2 orc sorcerers
  A manticore (D:14)
  A merfolk siren (Lair:4)
  4 cyclopes
  4 elephants (Lair:3)
  Joseph (D:8)
  4 centaur zombies
  4 gargoyles
  Maurice (D:9)
  2 black mambas
  10 spiny frogs
  A torpor snail (Lair:4)
  8 kobold demonologists
  A rime drake (shapeshifter) (D:15)
  2 efreet
  2 freezing wraiths
  6 rime drakes
  3 komodo dragons
  3 yaktaurs (D:15)
  A harpy zombie (D:15)
  5 polar bears (Lair:6)
  A tengu conjurer (D:14)
  A queen bee (D:13)
  5 merfolk
  3 trolls
  A meliai (D:13)
  5 hornets (Lair:6)
  A wolf spider simulacrum (D:15)
  12 hippogriffs
  A dream sheep (Lair:6)
  11 blink frogs
  A meliai zombie (D:15)
  6 slime creatures
  7 wraiths
  12 spriggans
  A shadow (D:15)
  2 vampires (D:15)
  2 water elementals (Shoals:1)
  4 wyverns (D:14)
  21 yaks
  7 basilisks
  A redback simulacrum (D:15)
  3 hungry ghosts
  A vampire mosquito (D:15)
  2 wargs
  13 water moccasins
  A hell hound (D:14)
  12 porcupines
  3 acid dragons
  10 orc warriors
  2 sky beasts
  A floating eye (D:15)
  6 ice beasts
  6 black bears
  2 eyes of draining
  A necrophage (D:12)
  2 boggarts (Lair:6)
  2 phantoms
  14 wolves (Lair:6)
  33 ogres
  20 centaurs
  10 crocodiles
  3 big kobolds
  12 bullfrogs
  A wyvern skeleton (D:9)
  3 scorpions
  A water moccasin skeleton (D:6)
  25 killer bees
  8 wights
  An electric eel (Lair:3)
  2 howler monkeys
  6 crimson imps
  4 jellies
  2 bullfrog zombies
  A quasit (D:8)
  2 bullfrog skeletons
  5 hounds
  19 orc wizards
  18 orc priests
  7 centaur skeletons
  4 iguanas
  Natasha (thrice) (D:3)
  11 worker ants
  A killer bee zombie (D:9)
  A hound skeleton (D:11)
  8 gnolls
  A howler monkey skeleton (D:5)
  23 adders
  8 shadow imps
  4 oozes
  2 adder zombies
  An adder skeleton (D:5)
  2 worms
  2 dart slugs
  4 leopard geckos
  68 orcs
  13 giant cockroaches
  13 goblins
  12 hobgoblins
  13 jackals
  24 kobolds
  7 quokkas
  2 ball pythons (Lair:3)
  5 bats
  6 frilled lizards
  A leopard gecko skeleton (D:8)
  A quokka zombie (D:5)
  14 rats
  3 fungi
750 creatures vanquished.

Vanquished Creatures (collateral kills)
  2 frost giants (D:15)
  A great orb of eyes (D:15)
  Harold (D:11)
  A vault guard (D:15)
  7 hydras
  An ogre mage (D:15)
  A tengu warrior (D:13)
  7 two-headed ogres
  A death knight (D:13)
  3 death yaks (Lair:4)
  7 skeletal warriors (D:15)
  A phantasmal warrior (D:12)
  2 cyclopes
  A centaur zombie (D:10)
  An elephant (Lair:3)
  6 ugly things
  2 black mambas
  2 spiny frogs
  A centaur skeleton (D:14)
  2 gargoyles
  4 rime drakes
  A redback zombie (D:15)
  2 komodo dragons (Lair:1)
  2 meliai (D:13)
  2 trolls
  A hornet (Lair:6)
  A merfolk (Shoals:1)
  6 hippogriffs
  A blink frog (shapeshifter) (D:14)
  6 blink frogs
  4 spriggans (Lair:6)
  A wraith (D:13)
  13 yaks
  2 wyverns (D:14)
  2 basilisks
  A floating eye (D:15)
  5 ogres
  2 ice beasts
  3 orc warriors
  A boggart (Lair:6)
  7 wolves (Lair:6)
  3 centaurs
  A crocodile (Lair:3)
  A big kobold (D:15)
  A wyvern zombie (D:6)
  A killer bee (D:13)
  A scorpion (D:4)
  A wight (D:14)
  A crimson imp (D:12)
  2 orc wizards
  2 orc priests (D:11)
  2 jellies (Lair:6)
  3 orcs
  A kobold (D:15)
137 creatures vanquished.

Vanquished Creatures (others)
  A centaur zombie (D:15)
  A hippogriff (D:14)
  A wyvern (D:14)
  A basilisk (D:14)
  2 centaurs
  13 fungi
  16 plants
35 creatures vanquished.

Grand Total: 922 creatures vanquished

Notes
Turn   | Place    | Note
-------+----------+-------------------------------------------
     0 | D:1      | Kirk the Demonspawn Gladiator began the quest for the Orb.
     0 | D:1      | Reached XP level 1. HP: 16/16 MP: 1/1
    22 | D:1      | Reached skill level 3 in Axes
   129 | D:1      | Gained mutation: You have sharp fingernails. [demonic ancestry]
   129 | D:1      | Reached XP level 2. HP: 13/22 MP: 2/2
   414 | D:1      | Gained mutation: You have sharp toenails. [demonic ancestry]
   414 | D:1      | Reached XP level 3. HP: 16/27 MP: 3/3
   626 | D:1      | Reached skill level 4 in Axes
   920 | D:2      | Reached XP level 4. HP: 31/33 MP: 4/4
  1214 | D:2      | Found a glowing golden altar of the Shining One.
  1355 | D:2      | Noticed an ice beast
  1893 | D:3      | Gained mutation: You have a pair of small horns on your head. [demonic ancestry]
  1893 | D:3      | Reached XP level 5. HP: 38/39 MP: 5/5
  1900 | D:3      | Reached skill level 5 in Axes
  1993 | D:3      | Found a bloodstained altar of Trog.
  2090 | D:3      | Noticed Natasha
  2103 | D:3      | Killed Natasha
  2119 | D:3      | Noticed Natasha
  2138 | D:3      | Killed Natasha
  2138 | D:3      | Reached skill level 1 in Armour
  2266 | D:3      | Noticed Natasha
  2286 | D:3      | Killed Natasha
  2514 | D:3      | Found a faded altar of an unknown god.
  2650 | D:3      | Found a basalt altar of Yredelemnul.
  2775 | D:4      | Gained mutation: A weak demonic guardian rushes to your aid. [demonic ancestry]
  2775 | D:4      | Reached XP level 6. HP: 32/46 MP: 6/6
  2992 | D:4      | Reached skill level 6 in Axes
  3053 | D:4      | Found an ancient bone altar of Kikubaaqudgha.
  3320 | D:4      | Found a radiant altar of Vehumet.
  3645 | D:5      | Entered Level 5 of the Dungeon
  3690 | D:5      | Noticed a sky beast
  3699 | D:5      | Killed a sky beast
  3860 | D:5      | Gained mutation: You have a pair of horns on your head. [demonic ancestry]
  3860 | D:5      | Reached XP level 7. HP: 41/51 MP: 7/7
  4103 | D:5      | Found Emasas's Food Shop.
  4191 | D:5      | Reached skill level 7 in Axes
  4505 | D:5      | Found a staircase to the Ecumenical Temple.
  4572 | D:5      | Found a sparkling altar of Nemelex Xobeh.
  5079 | D:5      | Gained mutation: You are robust. (+10% HP) [potion of mutation]
  5079 | D:5      | Gained mutation: Your flesh is heat resistant. (rF+) [potion of mutation]
  5301 | D:6      | Reached skill level 8 in Axes
  5301 | D:6      | Gained mutation: You are partially covered in sharp spines. [demonic ancestry]
  5301 | D:6      | Reached XP level 8. HP: 27/63 MP: 8/8
  6735 | D:7      | Found an ornate altar of the Wu Jian Council.
  6887 | D:7      | Reached skill level 9 in Axes
  7443 | D:8      | Found a sacrificial altar of Ru.
  7778 | D:8      | Gained mutation: A demonic guardian rushes to your aid. [demonic ancestry]
  7778 | D:8      | Reached XP level 9. HP: 67/72 MP: 9/9
  7833 | D:8      | Noticed Joseph
  7842 | D:8      | Killed Joseph
  7842 | D:8      | Reached skill level 10 in Axes
  8204 | D:8      | Reached skill level 5 in Fighting
  8768 | D:9      | Noticed a two-headed ogre
  8904 | D:9      | Found a burning altar of Makhleb.
  8979 | D:9      | You fall through a shaft for 3 floors!
  8979 | D:12     | Noticed a kobold demonologist
  8985 | D:12     | Killed a kobold demonologist
  8985 | D:12     | Reached skill level 11 in Axes
  8991 | D:12     | Noticed a phantasmal warrior
  9002 | D:12     | Noticed a death knight
  9005 | D:12     | Killed a phantasmal warrior
  9269 | D:12     | Noticed a six-headed hydra
  9276 | D:12     | Killed a six-headed hydra
  9276 | D:12     | Reached XP level 10. HP: 62/83 MP: 10/10
  9581 | D:11     | Noticed a cyan ugly thing
  9593 | D:11     | Killed a cyan ugly thing
  9597 | D:11     | Reached skill level 1 in Shields
  9619 | D:11     | Found a labyrinth entrance.
  9633 | Lab      | Entered a labyrinth
  9733 | Lab      | Reached skill level 12 in Axes
 10154 | Lab      | Noticed a minotaur
 10170 | Lab      | Killed a minotaur
 10178 | Lab      | Got a twitching brass ring
 10488 | Lab      | Identified the ring of the Lumpy Cities {*Tele rF+ Str+5} (You found it in a labyrinth)
 10518 | D:11     | Found a staircase to the Lair.
 10523 | D:10     | Entered Level 10 of the Dungeon
 11017 | D:9      | Killed a two-headed ogre
 11017 | D:9      | Reached skill level 1 in Evocations
 11066 | D:9      | Noticed Maurice
 11076 | D:9      | Killed Maurice
 11206 | D:9      | Reached skill level 13 in Axes
 11243 | D:9      | Gained mutation: You have very sharp fingernails. [demonic ancestry]
 11243 | D:9      | Reached XP level 11. HP: 84/92 MP: 11/11
 11854 | D:10     | Noticed a six-headed hydra
 11859 | D:10     | Killed a six-headed hydra
 12903 | D:10     | Killed an unseen horror
 13378 | D:11     | Found a staircase to the Orcish Mines.
 13424 | D:11     | Noticed Harold
 13436 | D:11     | Killed Harold
 13458 | D:11     | Reached skill level 14 in Axes
 13719 | D:11     | Found a roughly hewn altar of Beogh.
 14089 | Lair:1   | Entered Level 1 of the Lair of Beasts
 14951 | Lair:1   | Gained mutation: You are mostly covered in sharp spines. [demonic ancestry]
 14951 | Lair:1   | Reached XP level 12. HP: 55/103 MP: 12/12
 15141 | Lair:1   | Got a coiled lapis lazuli ring
 15142 | Lair:1   | Identified the ring "Adghene" {rN+ Dex+3} (You found it on level 1 of the Lair of Beasts)
 16145 | Lair:2   | Noticed a seven-headed hydra
 16159 | Lair:2   | Killed a five-headed hydra
 16159 | Lair:2   | Reached skill level 15 in Axes
 16242 | Lair:2   | Reached skill level 5 in Armour
 16626 | Lair:2   | Noticed a four-headed hydra
 16635 | Lair:2   | Killed a two-headed hydra
 17190 | Lair:3   | Found a staircase to the Snake Pit.
 18080 | Lair:3   | Noticed Pieper's ghost (journeyman GrFi)
 18081 | Lair:3   | Found a runed gate.
 18085 | Lair:3   | Found a runed gate.
 18086 | Lair:3   | Found a runed gate.
 18673 | Lair:4   | Got a slimy plate armour
 18685 | Lair:4   | Identified the cursed +0 plate armour "Tiryipt" {+Fly rPois Int-3 SInv} (You found it on level 4 of the Lair of Beasts)
 18746 | Lair:4   | Noticed a death yak
 18759 | Lair:4   | Noticed a death yak
 18760 | Lair:4   | Noticed a death yak
 18760 | Lair:4   | Killed a death yak
 18774 | Lair:4   | Killed a death yak
 18774 | Lair:4   | Reached XP level 13. HP: 51/111 MP: 13/13
 18970 | Lair:4   | Reached skill level 16 in Axes
 19002 | Lair:4   | Reached skill level 5 in Dodging
 19633 | Lair:4   | Found a staircase to the Shoals.
 19654 | Lair:4   | Reached skill level 10 in Fighting
 21355 | Lair:5   | You fall through a shaft!
 21355 | Lair:6   | Entered Level 6 of the Lair of Beasts
 21913 | Lair:6   | Found a staircase to the Slime Pits.
 23685 | Slime:1  | Entered Level 1 of the Pits of Slime
 23685 | Slime:1  | Noticed a death ooze
 23915 | D:12     | Gained mutation: You have razor-sharp toenails. [demonic ancestry]
 23915 | D:12     | Reached XP level 14. HP: 102/124 MP: 14/14
 24034 | D:12     | Reached skill level 17 in Axes
 26669 | D:13     | Found a gate to the Vaults.
 26828 | D:14     | Noticed Nessos
 26851 | D:14     | Killed Nessos
 28811 | D:14     | Reached skill level 18 in Axes
 28974 | D:15     | Entered Level 15 of the Dungeon
 29078 | D:15     | Got a glittering iron ring
 29080 | D:15     | Identified the ring of Bott {*Tele rPois rC+} (You took it off a kobold on level 15 of the Dungeon)
 29089 | D:15     | Paralysed by a floating eye for 2 turns
 29102 | D:15     | Found a staircase to the Depths.
 29102 | D:15     | Noticed a frost giant
 29119 | D:15     | Killed a frost giant
 29119 | D:15     | Reached XP level 15. HP: 57/134 MP: 15/15
 30059 | D:15     | Paralysed by a floating eye for 2 turns
 30271 | D:15     | Found Muwket's Distillery.
 30284 | D:15     | Bought a potion of heal wounds for 80 gold pieces
 30284 | D:15     | Bought a potion of heal wounds for 80 gold pieces
 30284 | D:15     | Bought a potion of curing for 48 gold pieces
 30284 | D:15     | Bought a potion of curing for 48 gold pieces
 30284 | D:15     | Bought a potion of degeneration for 16 gold pieces
 30284 | D:15     | Bought a potion of agility for 64 gold pieces
 30887 | Orc:1    | Entered Level 1 of the Orcish Mines
 31087 | Orc:1    | Found a roughly hewn altar of Beogh.
 31191 | Orc:2    | Entered Level 2 of the Orcish Mines
 31231 | Orc:2    | Noticed an orc warlord
 31258 | Orc:2    | Killed an orc warlord
 31326 | Orc:2    | Found a staircase to the Elven Halls.
 32377 | Orc:1    | Found Wettexaupp's Weapon Shoppe.
 32581 | Orc:1    | Found a roughly hewn altar of Beogh.
 32739 | Orc:2    | Found Caqipnos's General Store.
 32739 | Orc:2    | Found Laom's Book Shoppe.
 32740 | Orc:2    | Found Qoomod's Assorted Antiques.
 32740 | Orc:2    | Found Qurouleg's Book Boutique.
 32747 | Orc:2    | Bought a scroll of teleportation for 39 gold pieces
 32747 | Orc:2    | Bought a scroll of fog for 26 gold pieces
 32750 | Orc:2    | Bought a potion of berserk rage for 155 gold pieces
 32750 | Orc:2    | Bought a scroll of identify for 62 gold pieces
 33013 | D:15     | Reached skill level 19 in Axes
 33193 | D:15     | Found Izaruwidgh's Jewellery Shop.
 34018 | D:15     | Got a brightly glowing tin ring
 34021 | D:15     | Identified the ring of Xom's Absentmindedness {rF++ Int-4 Stlth+} (You found it on level 15 of the Dungeon)
 34041 | D:15     | Noticed a frost giant
 34056 | D:15     | Killed a frost giant
 34388 | D:15     | Found Plog's Magic Scroll Shop.
 34645 | D:15     | Gained mutation: You have claws for feet. [demonic ancestry]
 34645 | D:15     | Reached XP level 16. HP: 27/145 MP: 18/18
 35507 | D:15     | Got a brightly glowing gossamer ring
 35544 | D:15     | Identified the ring "Gasoidiq" {Int+4 Stlth+} (You took it off a kobold on level 15 of the Dungeon)
 35762 | Shoals:1 | Entered Level 1 of the Shoals
 35923 | Shoals:1 | HP: 7/146 [merfolk/trident (1)]
 35927 | Shoals:1 | HP: 3/146 [merfolk aquamancer/shard of ice (30)]
 35927 | Shoals:1 | Slain by a merfolk

Skill      XL: |  1  2  3  4  5  6  7  8  9 10 11 12 13 14 15 16 |
---------------+-------------------------------------------------+-----
Axes           | 3 4 5 6 8 9 11 13 14 15 16 18 19 | 19.0
Armour         | 1 2 3 4 5 6 |  6.9
Fighting       | 3 4 6 7 8 9 11 12 13 14 | 14.0
Shields        | 2 4 |  4.0
Evocations     | 1 3 |  3.7
Dodging        | 4 7 8 9 |  9.6
Throwing       | |  1.7

Action                   |  1- 3 |  4- 6 |  7- 9 | 10-12 | 13-15 | 16-18 || total
-------------------------+-------+-------+-------+-------+-------+-------++-------
Melee: War axe           |    91 |   188 |   257 |   537 |  1300 |    73 ||  2446
       Kick              |    10 |    53 |    76 |   211 |   550 |    38 ||   938
       Headbutt          |       |    20 |    59 |   139 |   368 |    24 ||   610
       Hand axe          |       |       |       |     7 |    16 |       ||    23
Throw: Throwing net      |       |       |       |       |     1 |       ||     1
Evoke: Wand              |       |       |     3 |     8 |    15 |       ||    26
  Use: Scroll            |       |     7 |    10 |    12 |    11 |     3 ||    43
       Potion            |       |     5 |     6 |     4 |    16 |     3 ||    34
 Stab: Distracted        |       |       |     3 |     3 |    12 |     1 ||    19
       Sleeping          |       |       |     3 |     4 |     2 |     2 ||    11
       Paralysed         |       |       |     1 |     2 |       |       ||     3
       Invisible         |       |       |       |       |    25 |       ||    25
  Eat: Chunk             |       |     9 |    15 |    20 |    22 |       ||    66
       Ration            |       |       |     1 |     4 |     8 |     2 ||    15
Armor: Leather armour    |    23 |    51 |    62 |    59 |   128 |     8 ||   331
Dodge: Dodged            |    70 |   135 |   167 |   203 |   569 |    48 ||  1192
Block: Other             |       |       |     2 |    16 |       |       ||    18
       Reflection        |       |       |       |     2 |    23 |     6 ||    31
       Buckler           |       |       |       |   100 |   429 |    37 ||   566
